 Dungeon Crawl Stone Soup version 0.31.0-9-g3a7656b989 (webtiles) character file.

Game seed: 11002080569084610418

21 FinalFate the Grave Robber (level 2, 0/15 HPs)
             Began as a Deep Elf Necromancer on Jan 24, 2024.
             Slain by a kobold
             ... wielding a +0 dagger
              (3 damage)
             ... on level 2 of the Dungeon on Jan 25, 2024.
             The game lasted 00:06:43 (1086 turns).

FinalFate the Grave Robber (Deep Elf Necromancer)   Turns: 1086, Time: 00:06:43

Health: 0/15       AC:  2    Str:  5    XL:     2   Next: 62%
Magic:  8/8        EV: 12    Int: 19    God:
Gold:   62         SH:  0    Dex: 15    Spells: 7/8 levels left

rFire   . . .        c - +0 dagger
rCold   . . .        (no shield)
rNeg    . . .        a - +0 robe
rPois   .            (no helmet)
rElec   .            (no cloak)
rCorr   .            (no gloves)
SInv    .            (no boots)
Will    .....        (no amulet)
Stlth   ++           (no ring)
HPRegen 0.22/turn    (no ring)
MPRegen 0.11/turn

%: no passive effects
@: no status effects
A: no striking features
a: no special abilities


You were on level 2 of the Dungeon.
You visited 1 branch of the dungeon, and saw 2 of its levels.

You collected 62 gold pieces.

Inventory:

Hand Weapons
 c - a +0 dagger (weapon)
Armour
 a - a +0 robe (worn)
Scrolls
 e - a scroll of enchant armour {unknown}
 f - 2 scrolls of immolation {unknown}
 g - a scroll of blinking {unknown}
Potions
 b - a potion of magic
 d - a potion of might {unknown}


   Skills:
 * Level 2.5 Dodging
 + Level 2.4 Stealth
 * Level 3.5 Spellcasting
 * Level 5.4 Necromancy


You had 7 spell levels left.
You knew the following spells:

 Your Spells              Type           Power      Damage    Failure   Level
a - Necrotise             Necr           96%        1d8       1%          1

Your spell library contained the following spells:

 Spells                   Type           Power      Damage    Failure   Level
 Vampiric Draining        Necr           24%        2d7       4%          3
 Animate Dead             Necr           24%        N/A       16%         4
 Curse of Agony           Necr           24%        N/A       38%         5


Dungeon Overview and Level Annotations

Branches:
Dungeon (2/15)

Altars:


Message History

The rat writhes in agony.
You kill the rat!
The dead are walking!
You swap places.
Your rat skeleton crumbles into dust!
A ball python comes into view.
You can't see any susceptible monsters within range! (Use Z to cast anyway.)
The ball python hisses angrily.
The ball python writhes in agony.
The ball python writhes in agony.
You kill the ball python!
The dead are slithering!
Your ball python skeleton crumbles into dust!
You see here a +0 mace.
Done exploring.
Done exploring.
There is a stone staircase leading down here.
Welcome back, FinalFate the Deep Elf Necromancer.
Press ? for a list of commands and other information.
You now have 62 gold pieces (gained 17).
A kobold comes into view. It is wielding a +0 dagger.
The kobold shouts!
You hit the kobold but do no damage. The kobold misses you.
The kobold hits you with a +0 dagger. The kobold closely misses you.
The kobold hits you with a +0 dagger. The kobold closely misses you.
The kobold hits you with a +0 dagger. The kobold hits you with a +0 dagger.
The kobold hits you with a +0 dagger. The kobold barely misses you.
The kobold hits you with a +0 dagger. The kobold hits you with a +0 dagger.
The kobold barely misses you. The kobold hits you with a +0 dagger.
The kobold barely misses you. The kobold hits you with a +0 dagger.
* * * LOW HITPOINT WARNING * * *
The kobold hits you with a +0 dagger.
You die...

#### ... #..
#..
#..##########
#...........#
#..@#######.#
#.K.# ####.#
#......
#....#
#.......
#.####
#.......##.#
###...####.#
#...# #.#
..... #.# ...
#.#


You could see a kobold.

Vanquished Creatures
  A dart slug (D:1)
  2 endoplasms (D:1)
  A goblin (D:1)
  A hobgoblin (D:1)
  A kobold (D:1)
  A quokka (D:1)
  3 ball pythons (D:1)
  3 bats (D:1)
  A frilled lizard (D:1)
  3 rats (D:1)
17 creatures vanquished.

Vanquished Creatures (collateral kills)
  A goblin (D:1)
1 creature vanquished.

Grand Total: 18 creatures vanquished

Notes
Turn   | Place    | Note
-------+----------+-------------------------------------------
     0 | D:1      | FinalFate the Deep Elf Necromancer began the quest for the
                  | Orb.
     0 | D:1      | Reached XP level 1. HP: 10/10 MP: 6/6
    90 | D:1      | Reached skill level 5 in Necromancy
   191 | D:1      | Reached XP level 2. HP: 15/15 MP: 2/8
  1086 | D:2      | Slain by a kobold

Illustrated notes

Levels and vault maps discovered:
D:1:      nzn_arrival_settlement, layout_basic, minivault_23, nicolae_wormholes
D:2:      layout_loops_ring

Skill      XL: |  1 |
---------------+----+-----
Necromancy     | 5 |  5.4
Dodging        | |  2.5
Stealth        | |  2.4
Spellcasting   | |  3.5

Action                     || total
---------------------------++-------
  Melee: Dagger            ||     1
   Cast: Necrotise         ||    33
 Armour: Robe              ||    14
  Dodge: Dodged            ||     7
